 Dungeon Crawl Stone Soup version 0.27-a0-1324-ge0d8e047f6 (webtiles) character file.

Game seed: 14685520199164157546

101698 Nattfarinn the Spry (level 15, -1/93 HPs)
             Began as a Deep Elf Conjurer on June 23, 2021.
             Was a High Priest of Vehumet.
             Slain by a redback (10 damage)
             ... on level 1 of the Spider Nest.
             The game lasted 01:35:51 (30819 turns).

Nattfarinn the Spry (Deep Elf Conjurer)            Turns: 30819, Time: 01:35:51

Health: -1/93      AC: 15    Str:  2    XL:     15   Next: 84%
Magic:  27/42      EV: 16    Int: 40    God:    Vehumet [*****.]
Gold:   717        SH:  6    Dex: 13    Spells: 14/39 levels left

rFire    + . .     SeeInvis +   K - staff of conjuration
rCold    + + .     Faith    .   r - +1 buckler {rC+}
rNeg     + + .     Spirit   .   S - +3 troll leather armour
rPois    .         Reflect  .   o - +2 helmet
rElec    +         Harm     .   v - scarf {rC+ rF+}
rCorr    .         Rampage  ∞   R - +4 pair of gloves "Weredd" {rN++ Str-2}
Will     ++...                  Y - +3 pair of seven-league boots {Rampage+∞}
Stlth    +++.......             n - amulet of regeneration
HPRegen  2.25/turn              F - ring "Gulud" {Will+ Int+6 Slay+2 SInv}
MPRegen  0.28/turn              y - ring "Goolufoid" {*Corrode rElec MP+9 Int+4 Stlth+}

@: lethally poisoned (-1 -> -65), corroded
A: no striking features
a: Renounce Religion


You were on level 1 of the Spider Nest.
You worshipped Vehumet.
Vehumet was extremely pleased with you.
You visited 4 branches of the dungeon, and saw 23 of its levels.
You also visited: Gauntlet.

You collected 1805 gold pieces.
You spent 1088 gold pieces at shops.

Inventory:

Hand Weapons
 D - the +5 war axe "Zemymesy" {venom, *Rage rF+ rN+ Will+}
   (You took it off a minotaur in a Gauntlet)

   It poisons the flesh of those it strikes.
   It protects you from fire.
   It protects you from negative energy.
   It may make you go berserk in combat.
   It increases your willpower.
 I - the +6 dagger of Cueb {freeze, rN+++ rCorr Dex-3 Stlth-}
   (You found it on level 4 of the Lair of Beasts)

   It has been specially enchanted to freeze those struck by it, causing extra
   injury to most foes and up to half again as much damage against particularly
   susceptible opponents.
   It can also slow down cold-blooded creatures.
   It affects your dexterity (-3).
   It renders you almost immune to negative energy.
   It protects you from acid and corrosion.
   It makes you less stealthy.
Missiles
 p - 5 throwing nets
 X - 4 boomerangs of dispersal
Armour
 o - a +2 helmet (worn)
 r - a +1 buckler of cold resistance (worn)
 v - a scarf of resistance (worn)
 R - the +4 pair of gloves "Weredd" (worn) {rN++ Str-2}
   (You found it on level 9 of the Dungeon)

   It affects your strength (-2).
   It greatly protects you from negative energy.
 S - a +3 troll leather armour (worn)
 Y - the +3 pair of seven-league boots (worn) {Rampage+∞}
   (You acquired it on level 15 of the Dungeon)
Magical Staves
 K - a staff of conjuration (weapon)
 N - a staff of fire
Jewellery
 c - a ring of flight
 d - a +6 ring of dexterity
 n - an amulet of regeneration (around neck)
 s - a ring of willpower
 y - the ring "Goolufoid" (right hand) {*Corrode rElec MP+9 Int+4 Stlth+}
   (You found it on level 4 of the Dungeon)

   [ring of magical power]

   It affects your intelligence (+4).
   It insulates you from electricity.
   It affects your magic capacity (+9).
   It may corrode you when you take damage.
   It makes you more stealthy.
 z - the ring of Vanig {rElec rF+ Int-2 Dex+9}
   (You found it in a Gauntlet)

   [ring of protection from fire]

   It affects your intelligence (-2).
   It affects your dexterity (+9).
   It protects you from fire.
   It insulates you from electricity.
 E - an amulet of the acrobat
 F - the ring "Gulud" (left hand) {Will+ Int+6 Slay+2 SInv}
   (You bought it in a shop on level 8 of the Dungeon)

   [ring of intelligence]

   It affects your intelligence (+6).
   It affects your accuracy and damage with ranged weapons and melee attacks
   (+2).
   It lets you see invisible.
   It increases your willpower.
Wands
 a - a wand of charming (35)
 i - a wand of paralysis (21)
 A - a wand of iceblast (23)
 Q - a wand of polymorph (19)
 T - a wand of acid (16)
 U - a wand of mindburst (7)
 V - a wand of digging (17)
 W - a wand of flame (34)
Scrolls
 b - 2 scrolls of amnesia
 e - 2 scrolls of immolation
 f - 9 scrolls of enchant weapon
 j - 3 scrolls of fear
 k - 5 scrolls of teleportation
 H - 3 scrolls of fog
 J - a scroll of magic mapping
Potions
 g - 3 potions of brilliance
 h - 7 potions of curing
 l - 6 potions of flight
 q - 3 potions of degeneration {unknown}
 t - 4 potions of attraction
 u - a potion of berserk rage {unknown}
 w - a potion of invisibility {unknown}
 x - a potion of haste
 G - 4 potions of cancellation
 L - a potion of resistance {unknown}
 M - 4 potions of ambrosia {unknown}
 O - 3 potions of might {unknown}
 P - 2 potions of heal wounds
 Z - a potion of mutation {unknown}
Miscellaneous
 m - a phantom mirror
 B - a condenser vane
 C - a lightning rod (4/4)


   Skills:
 + Level 10.9 Fighting
 - Level 15.7 Dodging
 - Level 2.4 Stealth
 - Level 4.0 Shields
 - Level 12.7 Spellcasting
 - Level 15.0 Conjurations
 * Level 11.7 Earth Magic
 - Level 9.4 Evocations


You had 14 spell levels left.
You knew the following spells:

 Your Spells              Type           Power      Damage    Failure   Level
a - Magic Dart            Conj           100%       1d8       0%          1
b - Searing Ray           Conj           100%       3d7       0%          2
c - Dazzling Flash        Conj/Hex       100%       N/A       1%          3
d - Fulminant Prism       Conj/Hex       45%        3d21      1%          4
e - Sticky Flame          Conj/Fire      91%        2d10      1%          4
f - Iron Shot             Conj/Erth      57%        9d11      1%          6
g - Lee's Rapid Deconstr  Erth           44%        3d22*     1%          5

Your spell library contained the following spells:

 Spells                   Type           Power      Damage    Failure   Level
 Iskenderun's Mystic Bla  Conj/Tloc      91%        2d18      1%          4
 Conjure Ball Lightning   Conj/Air       45%        3x3d16    6%          6
 Yara's Violent Unravell  Hex/Tmut       12%        3d7       21%         5
 Cause Fear               Hex            12%        N/A       30%         4
 Summon Lightning Spire   Summ/Air       25%        N/A       30%         4
 Silence                  Hex/Air        12%        N/A       63%         5
 Haunt                    Necr/Summ      12%        N/A       100%        7
 Malign Gateway           Summ/Tloc      12%        N/A       100%        7
 Monstrous Menagerie      Summ           12%        N/A       100%        7
 Storm Form               Tmut/Air       12%        N/A       100%        7
 Discord                  Hex            12%        N/A       100%        8
 Summon Horrible Things   Summ           12%        N/A       100%        8


Dungeon Overview and Level Annotations

Branches:
Dungeon (15/15)            Temple (1/1) D:7            Lair (6/6) D:9
  Swamp (0/4) Lair:4       Spider (1/4) Lair:3        Slime (0/5) Lair:6
    Orc (0/2) D:10         Vaults (0/5) D:14         Depths (0/5) D:15
Gauntlet (visited)

Altars:
Ashenzari
Cheibriados
Dithmenos
Elyvilon
Fedhas
Gozag
Hepliaklqana
Kikubaaqudgha
Makhleb
Nemelex Xobeh
Okawaru
Qazlal
Ru
Sif Muna
Trog
Uskayaw
Vehumet
Wu Jian
Xom
Yredelemnul
Zin
The Shining One
Jiyva

Shops:
D:8 =   D:11 (

Annotations:
D:4 1 runed translucent door, Crazy Yiuf
Lair:1 exclusion: ice statue
Lair:6 1 runed translucent door


Message History

You are too injured to fight recklessly!
Hit: K) staff of conjuration
Press: ? - help, Dir - move target, f - redback
Aim: a redback (about 38% to evade your staff of conjuration)
You hit the redback but do no damage.
You blast the redback!
The redback is moderately wounded.
You feel extremely sick.
The redback bites you but does no damage.
The redback bites you. x2; The redback barely misses you.
You block the redback's attack. The redback misses you.
You feel much better.
You feel very sick. The redback bites you! The redback closely misses you.
The redback misses you.
Casting: Iron Shot (dangerous; 1% risk of failure)
Confirm with . or Enter, or press ? or * to list all spells.
Aiming: Magic Dart (safe; 0% risk of failure)
Press: ? - help, Shift-Dir - straight line, f/p - redback
Aim: a redback (moderately wounded, 100% to hit)
You feel a surge of power!
The magic dart hits the redback.
The redback is heavily wounded.
You feel very sick. The redback bites you. You block the redback's attack.
The redback bites you. The redback bites you!
You are lethally poisoned!
The redback poisons you! The redback bites you.
You are more poisoned.
The redback poisons you! The redback barely misses you.
Casting: Magic Dart (safe; 0% risk of failure)
Confirm with . or Enter, or press ? or * to list all spells.
Aiming: Iron Shot (dangerous; 1% risk of failure)
Press: ? - help, Shift-Dir - straight line, f/p - redback
Aim: a redback (heavily wounded, 74% to hit)
You feel a surge of power!
The iron shot hits the redback!!!
You kill the redback!
Vehumet accepts your kill.
You feel your power returning.
* * * LOW HITPOINT WARNING * * *
You feel extremely sick. The redback completely misses you.
The redback bites you!
You die...

............#
#...
...........##
#...
#........##
#... ###
##.....###
##..
#..###......#
#..
#.....#....##
##.
##.........##
#.
#.........#
.. #...†@...#
#..
#...†ss..#
#........#
#.......##
###.####. ##
##


You could see 2 redbacks.

Vanquished Creatures
  Frances (D:13)
  Kirke (Lair:6)
  Nessos (D:15)
  An entropy weaver (Spider:1)
  A minotaur (Gauntlet)
  An ettin (D:15)
  Snorg (D:14)
  Josephine (D:14)
  Harold (Lair:1)
  8 hydras
  An ice dragon (D:13)
  4 boulder beetles
  A catoblepas (Lair:6)
  The ghost of tape the Spear-Bearer, a journeyman DsMo of Kikubaaqudgha (Lair:1)
  6 centaur warriors
  A death knight (D:15)
  4 two-headed ogres
  3 tengu warriors
  A death drake (Gauntlet)
  2 deep trolls (D:15)
  A wizard (D:14)
  2 bog bodies (Lair:4)
  A necromancer (D:15)
  4 deep elf pyromancers
  2 orc sorcerers (D:15)
  2 orc knights (D:15)
  A cyclops (D:14)
  A moth of wrath (Spider:1)
  14 ugly things
  7 wolf spiders (Spider:1)
  A spectral centaur (Gauntlet)
  3 manticores
  Maurice (D:9)
  19 elephants
  9 black mambas
  3 gargoyles
  Maggie (D:7)
  10 cane toads
  2 rime drakes
  An efreet (D:15)
  7 komodo dragons
  A yaktaur (D:14)
  A minotaur zombie (Gauntlet)
  A tengu conjurer (D:15)
  2 trolls (D:9)
  5 jumping spiders (Spider:1)
  6 polar bears (Lair:6)
  Prince Ribbit (Lair:2)
  A tyrant leech (Gauntlet)
  19 slime creatures
  A spectral meliai (Gauntlet)
  6 dream sheep (Lair:6)
  16 blink frogs
  6 hornets
  A meliai zombie (D:10)
  A shadow (D:12)
  12 spriggans (Lair:6)
  13 redbacks
  2 wyverns
  5 tarantellas (Spider:1)
  2 basilisks
  4 wraiths (D:14)
  A hog (Lair:6)
  A steam dragon (D:4)
  3 fire bats (Lair:5)
  55 yaks
  Grum (D:9)
  16 humans (D:14)
  7 vampire mosquitoes
  7 swamp worms
  An acid dragon (D:12)
  14 water moccasins
  5 orc warriors
  A hornet zombie (D:8)
  2 black bears
  3 ice beasts
  4 boggarts (Lair:6)
  5 centaurs
  4 ogres
  19 wolves
  8 bullfrogs
  2 kobold brigands (D:8)
  A gnoll sergeant (D:8)
  5 scorpions
  2 wyvern skeletons
  5 killer bees (D:7)
  4 electric eels
  6 howler monkeys
  8 wights (D:9)
  5 centaur zombies
  10 hounds
  3 orc priests
  A centaur skeleton (D:7)
  A jelly (D:5)
  A bullfrog skeleton (D:6)
  Jessica (D:2)
  A gnoll shaman (D:4)
  An iguana (D:5)
  Terence (D:2)
  6 orc wizards
  A hound skeleton (D:5)
  2 howler monkey zombies
  11 gnolls
  A howler monkey skeleton (D:6)
  5 adders
  A white imp (D:7)
  2 ufetubi (D:7)
  A worm (D:2)
  A dart slug (D:3)
  44 orcs
  8 ball pythons
  5 bats
  4 endoplasms
  A giant cockroach (D:3)
  5 goblins
  8 hobgoblins
  11 jackals
  4 quokkas
  A frilled lizard (D:1)
  21 kobolds
  6 rats
  3 fulminant prisms (Lair:1)
606 creatures vanquished.

Vanquished Creatures (collateral kills)
  Urug (D:14)
1 creature vanquished.

Vanquished Creatures (others)
  3 humans (Lair:6)
  A quokka (D:13)
  A bush (Lair:1)
  22 fulminant prisms
  59 fungi
  50 plants
136 creatures vanquished.

Grand Total: 743 creatures vanquished

Notes
Turn   | Place    | Note
-------+----------+-------------------------------------------
     0 | D:1      | Nattfarinn the Deep Elf Conjurer began the quest for the
                  | Orb.
     0 | D:1      | Reached XP level 1. HP: 10/10 MP: 6/6
   157 | D:1      | Reached XP level 2. HP: 15/15 MP: 6/8
   542 | D:1      | Found a faded altar of an unknown god.
   542 | D:1      | Noticed a floating eye
   545 | D:1      | Reached skill level 5 in Conjurations
   574 | D:1      | Noticed a great orb of eyes
   578 | D:1      | Noticed a golden eye
   578 | D:1      | Noticed an eye of devastation
   982 | D:2      | Noticed Terence
   994 | D:2      | Killed Terence
   995 | D:2      | Reached XP level 3. HP: 8/19 MP: 0/10
  1169 | D:2      | Learned a level 2 spell: Searing Ray
  1351 | D:2      | Noticed a scorpion
  1357 | D:2      | Killed a scorpion
  1358 | D:2      | Reached XP level 4. HP: 24/24 MP: 3/12
  1561 | D:2      | Noticed Jessica
  1565 | D:2      | Killed Jessica
  1566 | D:2      | Reached XP level 5. HP: 28/28 MP: 10/14
  1877 | D:2      | Reached skill level 5 in Spellcasting
  2565 | D:3      | Reached XP level 6. HP: 32/32 MP: 13/16
  3552 | D:4      | Noticed a steam dragon
  3563 | D:4      | Killed a steam dragon
  3564 | D:4      | Reached XP level 7. HP: 36/36 MP: 12/18
  3634 | D:4      | Identified the ring "Goolufoid" {*Corrode rElec MP+9 Int+4
                  | Stlth+}
  4048 | D:4      | Found a runed translucent door.
  4049 | D:4      | Noticed Crazy Yiuf
  4749 | D:5      | Entered Level 5 of the Dungeon
  4793 | D:5      | Reached skill level 1 in Fighting
  5194 | D:5      | Reached XP level 8. HP: 45/45 MP: 14/20
  5612 | D:5      | Learned a level 3 spell: Dazzling Flash
  5829 | D:6      | Found a burning altar of Makhleb.
  6144 | D:6      | Reached skill level 5 in Dodging
  6424 | D:7      | Noticed Maggie
  6830 | D:7      | Reached skill level 5 in Fighting
  7294 | D:7      | Killed Maggie
  7295 | D:7      | Reached XP level 9. HP: 35/55 MP: 10/21
  7445 | D:7      | Found a staircase to the Ecumenical Temple.
  7454 | Temple   | Entered the Ecumenical Temple
  7570 | Temple   | Became a worshipper of Vehumet
  8557 | D:8      | Found Xanaplerghi's Jewellery Boutique.
  8953 | D:8      | Reached * piety under Vehumet
  8953 | D:8      | Offered knowledge of Freeze by Vehumet.
  9587 | D:9      | Identified the +4 pair of gloves "Weredd" {rN++ Str-2}
  9777 | D:9      | Noticed a troll
  9788 | D:9      | Killed a troll
  9922 | D:9      | Found a staircase to the Lair.
  9944 | D:9      | Noticed Grum
  9945 | D:9      | Reached XP level 10. HP: 64/64 MP: 17/22
  9950 | D:9      | Killed Grum
 10279 | D:9      | Noticed Maurice
 10287 | D:9      | Killed Maurice
 10493 | D:9      | Offered knowledge of Poisonous Vapours by Vehumet.
 10593 | D:9      | Reached ** piety under Vehumet
 11034 | D:10     | Entered Level 10 of the Dungeon
 11093 | D:10     | Reached skill level 10 in Dodging
 11100 | D:10     | Offered knowledge of Ignite Poison by Vehumet.
 11206 | D:10     | Found a staircase to the Orcish Mines.
 11448 | D:10     | Noticed a two-headed ogre
 11455 | D:10     | Killed a two-headed ogre
 11456 | D:10     | Reached skill level 10 in Fighting
 11766 | D:10     | Reached skill level 1 in Evocations
 11766 | D:10     | Reached XP level 11. HP: 70/72 MP: 17/23
 11771 | D:10     | Reached *** piety under Vehumet
 12248 | D:11     | Found Bij Iqay's Antique Weapon Boutique.
 12364 | D:11     | Noticed a six-headed hydra
 12475 | Lair:1   | Entered Level 1 of the Lair of Beasts
 12475 | Lair:1   | Found a transporter.
 12489 | Lair:1   | Noticed Harold
 12496 | Lair:1   | Learned a level 4 spell: Fulminant Prism
 12509 | Lair:1   | Killed Harold
 12535 | Lair:1   | Noticed a five-headed hydra
 12650 | Lair:1   | Reached skill level 10 in Conjurations
 12839 | Lair:1   | Noticed a six-headed hydra
 12846 | Lair:1   | Found a transporter.
 12848 | Lair:1   | Noticed tape's ghost (journeyman DsMo)
 13291 | Lair:1   | Killed a five-headed hydra
 13291 | Lair:1   | Offered knowledge of Inner Flame by Vehumet.
 13305 | Lair:1   | Reached skill level 5 in Evocations
 13450 | Lair:1   | Noticed a five-headed hydra
 13460 | Lair:1   | Killed a five-headed hydra
 14045 | Lair:2   | Noticed Prince Ribbit
 14051 | Lair:2   | Reached XP level 12. HP: 63/77 MP: 27/27
 14051 | Lair:2   | Killed Prince Ribbit
 14230 | Lair:2   | Identified the +3 ring mail of Lewuubb {Harm Dex+2 Slay-3
                  | SInv}
 14808 | Lair:3   | Reached skill level 10 in Spellcasting
 14818 | Lair:2   | Reached **** piety under Vehumet
 15332 | Lair:3   | Found a hole to the Spider Nest.
 15882 | Lair:4   | Offered knowledge of Sticky Flame by Vehumet.
 15931 | Lair:4   | Noticed a four-headed hydra
 16086 | Lair:4   | Identified the +6 dagger of Cueb {freeze, rN+++ rCorr Dex-3
                  | Stlth-}
 16182 | Lair:4   | Learned a level 4 spell: Sticky Flame
 16499 | Lair:4   | Found a staircase to the Swamp.
 16675 | Lair:4   | Killed a four-headed hydra
 16824 | Lair:4   | Reached XP level 13. HP: 25/82 MP: 29/30
 17479 | Lair:5   | Reached ***** piety under Vehumet
 17589 | Lair:5   | Offered knowledge of Iron Shot by Vehumet.
 18004 | Lair:5   | Learned a level 6 spell: Iron Shot
 18284 | Lair:6   | Entered Level 6 of the Lair of Beasts
 18650 | Lair:6   | Reached skill level 15 in Conjurations
 18666 | Lair:6   | Reached skill level 1 in Earth Magic
 19012 | Lair:6   | Noticed Kirke
 19146 | Lair:6   | Killed Kirke
 19147 | Lair:6   | Reached skill level 5 in Earth Magic
 19538 | Lair:6   | Found a runed translucent door.
 19538 | Lair:6   | Found a viscous altar of Jiyva.
 19539 | Lair:6   | Found a staircase to the Slime Pits.
 19674 | Lair:6   | Reached XP level 14. HP: 88/88 MP: 8/32
 20148 | Lair:6   | Offered knowledge of Bolt of Magma by Vehumet.
 20328 | Lair:6   | Paralysed by a hornet for 3 turns
 20334 | Lair:6   | Reached skill level 1 in Shields
 21489 | D:8      | Bought the ring "Gulud" {Will+ Int+6 Slay+2 SInv} for 1088
                  | gold pieces
 21625 | Lair:1   | Killed tape's ghost
 22248 | D:12     | Found a gate leading to a gauntlet.
 22257 | Gauntlet | Entered a Gauntlet
 22257 | Gauntlet | Found a transporter.
 22260 | Gauntlet | Found a transporter.
 22261 | Gauntlet | Found a transporter.
 22262 | Gauntlet | Found a transporter.
 22265 | Gauntlet | Found a transporter.
 22266 | Gauntlet | Found a transporter.
 22274 | Gauntlet | Found a transporter.
 22277 | Gauntlet | Found a transporter.
 22296 | Gauntlet | Found a transporter.
 22313 | Gauntlet | Found a transporter.
 22318 | Gauntlet | Found a transporter.
 22325 | Gauntlet | Found a transporter.
 22913 | Gauntlet | Identified the ring of Vanig {rElec rF+ Int-2 Dex+9}
 22934 | Gauntlet | Identified the +5 war axe "Zemymesy" {venom, *Rage rF+ rN+
                  | Will+}
 24536 | D:13     | Found a white marble altar of Elyvilon.
 24930 | D:13     | Noticed Frances
 24942 | D:13     | Killed Frances
 25179 | D:14     | Found a gate to the Vaults.
 25179 | D:14     | Noticed Urug
 25513 | D:14     | Noticed Josephine
 25987 | D:14     | Noticed Snorg
 26067 | D:14     | Reached XP level 15. HP: 92/92 MP: 33/33
 26072 | D:14     | Killed Urug
 26163 | D:14     | Offered knowledge of Irradiate by Vehumet.
 26242 | D:14     | Reached skill level 15 in Dodging
 26692 | D:14     | Killed Josephine
 26904 | D:14     | Killed Snorg
 27423 | D:15     | Entered Level 15 of the Dungeon
 27423 | D:15     | Noticed Nessos
 27426 | D:15     | Killed Nessos
 28081 | D:15     | Identified a scroll of acquirement
 28081 | D:15     | Acquired the +3 pair of seven-league boots {Rampage+∞}
 28082 | D:15     | Found the +3 pair of seven-league boots {Rampage+∞}
 28431 | D:15     | Reached skill level 10 in Earth Magic
 28726 | D:15     | Found a broken altar of Ashenzari.
 29036 | D:15     | Paralysed by an orc sorcerer for 2 turns
 29118 | D:15     | Found a staircase to the Depths.
 29573 | Spider:1 | Entered Level 1 of the Spider Nest
 30422 | Spider:1 | Offered knowledge of Lee's Rapid Deconstruction by Vehumet.
 30650 | Spider:1 | Learned a level 5 spell: Lee's Rapid Deconstruction
 30819 | Spider:1 | Slain by a redback

Illustrated notes

Levels and vault maps discovered:
D:1:      dpeg_arrival_connections, layout_loops_ring,
          hellmonk_ecumenical_altar_watching_god
D:2:      layout_loops_corners, uniq_terence, uniq_jessica
D:3:      layout_rooms
D:4:      layout_basic, serial_aquarium, aquarium_bridge_long_joined
          [aquarium_subvault_bridge, aquarium_subvault_balcony,
          aquarium_subvault_wall, aquarium_subvault_wall,
          aquarium_subvault_window, aquarium_subvault_bridge],
          aquarium_window_2, aquarium_window_fake, aquarium_view_2c,
          aquarium_view_2f, kennysheep_generic_room_9, uniq_crazy_yiuf_cottage
D:5:      layout_rooms
D:6:      layout_basic, lemuel_crystal_altar
D:7:      layout_rooms, minmay_temple_entry_hall, serial_bayou_crossing,
          uniq_maggie
D:8:      layout_basic, nicolae_inconvenience_store, patterned_corridor
D:9:      layout_basic, erik_lair_island, uniq_maurice, uniq_grum
D:10:     layout_loops_cross, hiddenorc1_lemuel
D:11:     layout_loops_ring, serial_shops, kennysheep_little_box
D:12:     layout_grid_maze, gauntlet_entry_generic
D:13:     layout_roguey, minmay_misc_feat_five, elyvilon_altar_4, uniq_frances
D:14:     layout_layer_cave, david_vaults_3, columned_hall_lemuel,
          uniq_josephine, uniq_snorg
D:15:     hangedman_depths_entry_civil_slaughter, layout_rooms,
          cheibrodos_ashenzari_chains, uniq_nessos
Temple:   kilobyte_greek_temple
Lair:1:   layout_cave_pods, nzn_ghost_randoct, grunt_megastairs_3,
          lemuel_fruit_fields, serial_bayou_shore_b, infiniplex_staircase_pool,
          uniq_harold
Lair:2:   layout_chaotic_city, serial_bayou_ford_a, uniq_prince_ribbit2
Lair:3:   layout_loops_ring, dummy_spider_entry
Lair:4:   layout_regular_city, nicolae_swamp_entry_splash_gauntlet
Lair:5:   layout_regular_city, nicolae_volcano_entry_batcave
Lair:6:   minmay_lair_end_enchanted_forest, layout_cave_pods, slime_altar_2,
          serial_bayou_pond_e, amcnicky_mini_pool_medium, uniq_kirke
Spider:1: layout_chambers, uniq_agnes

Skill      XL: |  1  2  3  4  5  6  7  8  9 10 11 12 13 14 15 |
---------------+----------------------------------------------+-----
Conjurations   | 5 6 7 8 11 13 15 | 15.0
Spellcasting   | 4 5 6 7 9 11 12 | 12.7
Fighting       | 2 6 8 10 | 10.9
Dodging        | 3 6 8 10 14 15 | 15.7
Evocations     | 1 5 8 9 |  9.4
Earth Magic    | 7 8 11 | 11.7
Shields        | 4 |  4.0
Stealth        | |  2.4

Action                   |  1- 3 |  4- 6 |  7- 9 | 10-12 | 13-15 || total
-------------------------+-------+-------+-------+-------+-------++-------
Melee: Staff             |       |       |       |       |    29 ||    29
 Cast: Magic Dart        |    55 |   101 |   145 |    25 |     4 ||   330
       Searing Ray       |     2 |     6 |    46 |   143 |    58 ||   255
       Fulminant Prism   |       |       |       |    17 |     8 ||    25
       Sticky Flame      |       |       |       |     5 |    74 ||    79
       Iron Shot         |       |       |       |       |   323 ||   323
Evoke: Wand              |       |       |       |     2 |    16 ||    18
       Phantom mirror    |       |       |       |       |     2 ||     2
       Condenser vane    |       |       |       |       |     1 ||     1
  Use: Scroll            |       |       |     9 |    10 |    13 ||    32
       Potion            |       |       |       |     1 |     7 ||     8
Armor: Robe              |       |     5 |     1 |       |       ||     6
       Leather armour    |       |       |     5 |       |       ||     5
       Swamp dragon scal |       |       |    25 |       |       ||    25
       Troll leather arm |       |       |     4 |    90 |   166 ||   260
Dodge: Dodged            |     4 |     6 |    40 |   168 |   270 ||   488
Block: Buckler           |       |       |       |       |    59 ||    59

Table legend: (Time is in decaauts)
 A = Elapsed time spent in this place.
 B = Non-inter-level travel time spent in this place.
 C = Inter-level travel time spent in this place.
 D = Time resting spent in this place.
 E = Time spent auto-exploring this place.
 F = Levels seen in this place.
 G = Mean time per level.
                   A        B        C        D        E       F      G
               +--------+--------+--------+--------+--------+-----+--------+
         Total |  30861 |  28885 |   1976 |   7104 |  18049 |  24 | 1285.9 |
       Dungeon |  19340 |  17801 |   1539 |   3818 |  12139 |  15 | 1289.3 |
        Temple |    158 |    116 |     42 |      0 |     97 |   1 |  158.0 |
          Lair |   9408 |   9014 |    394 |   2336 |   5287 |   6 | 1568.0 |
   Spider Nest |   1122 |   1121 |      1 |    700 |    315 |   1 | 1122.0 |
      Gauntlet |    831 |    831 |      0 |    250 |    211 |   1 |  831.0 |
               +--------+--------+--------+--------+--------+-----+--------+

Top non-repeatable levels by time:
    D:14: 2878 daAuts
  Lair:6: 2828 daAuts
  Lair:1: 1729 daAuts
  Lair:5: 1626 daAuts
     D:9: 1587 daAuts
     D:4: 1539 daAuts
     D:8: 1510 daAuts
     D:2: 1490 daAuts
     D:7: 1352 daAuts
    D:15: 1313 daAuts
  Lair:4: 1276 daAuts
    D:12: 1199 daAuts
Spider:1: 1122 daAuts
  Lair:3: 1081 daAuts
     D:6: 1064 daAuts
